 Dungeon Crawl Stone Soup version 0.29-a0-322-g68df515428 (webtiles) character file.

Game seed: 5987736187918646371

161 GigaChad the Slasher (level 5, -13/42 HPs)
             Began as a Demonspawn Chaos Knight on Apr 10, 2022.
             Was a Plaything of Xom.
             Killed from afar by a goblin (18 damage)
             ... with an iceblast
             ... on level 3 of the Dungeon.
             The game lasted 00:04:58 (1843 turns).

GigaChad the Slasher (Demonspawn Chaos Knight)      Turns: 1843, Time: 00:04:59

Health: -13/42     AC:  8    Str: 12    XL:     5   Next: 19%
Magic:  5/5        EV:  6    Int: 13    God:    Xom [....*.]
Gold:   96         SH:  0    Dex: 15    Spells: 4/4 levels left

rFire   . . .      SeeInvis +   a - +0 falchion (chaos)
rCold   . . .      Faith    .   (no shield)
rNeg    . . .      Spirit   .   g - +0 chain mail
rPois   .          Reflect  .   (no helmet)
rElec   .          Harm     .   (no cloak)
rCorr   .          Rampage  .   (no gloves)
Will    .....                   (no boots)
Stlth   ..........              (no amulet)
HPRegen 0.14/turn               (no ring)
MPRegen 0.09/turn               (no ring)

@: no status effects
A: spiny 1, demonic magic 1, hooves 1, see invisible, wild magic 1
a: Renounce Religion


You were on level 3 of the Dungeon.
You worshipped Xom.
You were a beloved toy of Xom.
You visited 1 branch of the dungeon, and saw 3 of its levels.

You collected 96 gold pieces.

Inventory:

Hand Weapons
 a - a +0 falchion of chaos (weapon)
 l - a +1 war axe of venom
 m - a +0 halberd
Missiles
 e - a throwing net
 i - 3 javelins
Armour
 b - a +2 leather armour
 g - a +0 chain mail (worn)
Scrolls
 d - 3 scrolls of teleportation
 h - a scroll of noise {unknown}
 k - a scroll of vulnerability {unknown}
Potions
 f - a potion of heal wounds {unknown}
 j - 2 potions of curing {unknown}
Miscellaneous
 c - a piece from Xom's chessboard (15/15) (quivered)


   Skills:
 + Level 3.8 Fighting
 + Level 4.0 Long Blades
 + Level 2.5 Armour
 + Level 2.1 Dodging
 + Level 0.1 Stealth


You had 4 spell levels left.
You didn't know any spells.
Your spell library contained the following spells:

 Spells                   Type           Power      Damage    Failure   Level
 Animate Skeleton         Necr           0%         N/A       100%        1
 Apportation              Tloc           0%         N/A       100%        1
 Pain                     Necr           0%         1d4       100%        1
 Frozen Ramparts          Ice            0%         1d2       100%        3
 Summon Guardian Golem    Hex/Summ       0%         N/A       100%        3
 Vampiric Draining        Necr           0%         2d6       100%        3
 Fulminant Prism          Conj/Hex       0%         3d6       100%        4
 Simulacrum               Ice/Necr       0%         N/A       100%        6


Dungeon Overview and Level Annotations

Branches:
Dungeon (3/15)

Altars:

Annotations:
D:3 Sigmund


Innate Abilities, Weirdness & Mutations

You are partially covered in sharp spines.
Spells you cast may paralyse adjacent enemies.
You have large cloven feet.
You have supernaturally acute eyesight. (SInv)
Your spells are a little harder to cast, but a little more powerful.


Message History

You have reached level 5!
You closely miss the adder. You kick the adder.
The adder is moderately wounded.
The adder barely misses you. The adder bites you but does no damage.
You miss the adder.
The adder is moderately wounded.
The adder bites you but does no damage.
You hit the adder but do no damage.
The adder is moderately wounded.
The adder is struck by your spines. The adder bites you but does no damage.
The adder is struck by your spines. The adder barely misses you.
You slash the adder!
You kill the adder!
Your Long Blades skill increases to level 4!
You closely miss the rat. The rat bites you but does no damage.
The gnoll hits you from afar with a +0 spear.
You hit the rat.
You kill the rat!
The gnoll barely misses you.
A goblin comes into view.
It is wielding a +2 dagger of freezing and carrying a wand of iceblast (8).
The gnoll is struck by your spines. The gnoll hits you but does no damage.
The goblin zaps a wand.
The mass of ice explodes!
The iceblast engulfs you!
* * * LOW HITPOINT WARNING * * *
You hear a shout!
Items here: )) ? ††.
You hit the gnoll. You kick the gnoll.
The gnoll is almost dead.
The gnoll hits you with a +0 spear!
* * * LOW HITPOINT WARNING * * *
You hit the gnoll.
You kill the gnoll!
The goblin throws a stone.
The stone hits you but does no damage.
You see here a +0 spear.
The goblin throws a stone.
The stone hits you but does no damage.
The goblin throws a stone.
The stone hits you but does no damage.
Sigmund the Dreaded comes into view.
He is wielding a +0 scythe and wearing a +2 robe of cold resistance.
Sigmund shouts!
The goblin zaps a wand.
The mass of ice explodes!
The iceblast engulfs you!!
You die...
Xom cackles wildly!

....... #####.##
....... # .......
....... .####...#.#
..>.... ......... .
....... #...... ..
.......## #.....# ..
........#########....^#
. ..##..@.))g.@......#
#.......######....÷#
#######.######.....#
#.....##.....####
#####.)..........
######.#..... #.#.####
############ #....# #
#..........####...###


You could see Sigmund and a goblin.

Vanquished Creatures
  4 adders
  5 gnolls
  A dart slug (D:2)
  4 ball pythons
  5 bats
  4 endoplasms
  2 giant cockroaches
  10 goblins
  5 hobgoblins
  4 jackals (D:2)
  2 quokkas
  3 frilled lizards
  5 kobolds
  11 rats
65 creatures vanquished.

Notes
Turn   | Place    | Note
-------+----------+-------------------------------------------
     0 | D:1      | GigaChad the Demonspawn Chaos Knight began the quest for
                  | the Orb.
     0 | D:1      | Reached XP level 1. HP: 18/18 MP: 1/1
    53 | D:1      | XOM: silly message
    58 | D:1      | XOM: divination: magic mapping
   212 | D:1      | XOM: silly message
   260 | D:1      | Reached skill level 3 in Long Blades
   260 | D:1      | Gained mutation: You are partially covered in sharp spines.
                  | [demonic ancestry]
   260 | D:1      | Reached XP level 2. HP: 24/24 MP: 2/2
   282 | D:1      | XOM: silly message
   387 | D:1      | XOM: potion effect (curing)
   415 | D:1      | XOM: god gift: 23 gold pieces
   591 | D:1      | XOM: god gift: Xom's Volume of the Eternal Fruit {god gift}
   594 | D:1      | Got Xom's Volume of the Eternal Fruit {god gift}
   596 | D:1      | XOM: 1-stop teleportation journey
   602 | D:1      | Gained mutation: Spells you cast may paralyse adjacent
                  | enemies. [demonic ancestry]
   602 | D:1      | Reached XP level 3. HP: 20/29 MP: 3/3
   837 | D:1      | XOM: 8-stop teleportation journey
  1126 | D:1      | Found a faded altar of an unknown god.
  1136 | D:1      | Got Plato's Handbook of Dislocation
  1218 | D:2      | Reached skill level 1 in Dodging
  1237 | D:2      | Reached XP level 4. HP: 8/35 MP: 4/4
  1418 | D:2      | XOM: give mutations
  1418 | D:2      | Gained mutation: Your spells are a little harder to cast,
                  | but a little more powerful. [Xom's grace]
  1418 | D:2      | Gained mutation: You have supernaturally acute eyesight.
                  | (SInv) [Xom's grace]
  1418 | D:2      | Gained mutation: You have large cloven feet. [Xom's grace]
  1453 | D:2      | You fall into a shaft and drop 1 floor!
  1555 | D:3      | XOM: scenery: summon butterflies
  1828 | D:3      | Reached XP level 5. HP: 22/41 MP: 5/5
  1832 | D:3      | Reached skill level 4 in Long Blades
  1843 | D:3      | Noticed Sigmund
  1843 | D:3      | Killed from afar by a goblin

Illustrated notes

Levels and vault maps discovered:
D:1:      mrwooster_arrival_statue_3, layout_loops_cross,
          shapermc_ecumenical_altar_rom_forum, minmay_pentomino_x4
D:2:      layout_rooms, serial_shops, nicolae_shop_crystal
D:3:      layout_rooms, xom_redecorated, chequers_serial_rivers_room_a,
          corexii_corridor_pit, interstate_on_off, uniq_sigmund

Skill      XL: |  1  2  3  4  5 |
---------------+----------------+-----
Long Blades    | 3 4 |  4.0
Armour         | 2 |  2.5
Dodging        | 1 2 |  2.1
Fighting       | |  3.8
Stealth        | |  0.1

Action                   |  1- 3 |  4- 6 || total
-------------------------+-------+-------++-------
Melee: Falchion          |    80 |    48 ||   128
       Kick              |       |    10 ||    10
       Punch             |       |     1 ||     1
  Use: Scroll            |     1 |       ||     1
Armor: Leather armour    |    18 |       ||    18
       Chain mail        |    38 |    40 ||    78
Dodge: Dodged            |    49 |    22 ||    71

Table legend: (Time is in decaauts)
 A = Elapsed time spent in this place.
 B = Non-inter-level travel time spent in this place.
 C = Inter-level travel time spent in this place.
 D = Time resting spent in this place.
 E = Time spent auto-exploring this place.
 F = Levels seen in this place.
 G = Mean time per level.
                   A        B        C        D        E       F      G
               +--------+--------+--------+--------+--------+-----+--------+
         Total |   1859 |   1843 |     16 |    710 |    289 |   3 |  619.7 |
       Dungeon |   1859 |   1843 |     16 |    710 |    289 |   3 |  619.7 |
               +--------+--------+--------+--------+--------+-----+--------+

Top non-repeatable levels by time:
     D:1: 1197 daAuts
     D:3: 393 daAuts
     D:2: 269 daAuts
